[Event "ESP-ch Teams Honor 2024"]
[Site "Melilla"]
[Date "2024.10.13"]
[Round "2.24"]
[White "Garrido Outon, Alex"]
[Black "Matnadze Bujiashvili, Ann"]
[Result "1-0"]
[ECO "C41"]
[WhiteElo "2448"]
[BlackElo "2309"]
[Annotator "TA"]
[PlyCount "101"]
[EventDate "2024.10.11"]
[EventType "team-tourn"]
[EventCountry "ESP"]
[SourceTitle "playchess.com"]
[Source "ChessBase"]
[SourceQuality "1"]
[WhiteTeam "Extremadura"]
[BlackTeam "Benalmadena"]
[TimeControl "5400+30"]

1. e4 e5 2. Nf3 d6 3. d4 exd4 4. Nxd4 Nf6 5. Nc3 Be7 6. Be2 O-O 7. Bf4 Re8 8. Qd2 Bf8 9. f3 {[%emt 0:00:21] White is slightly better.} Nc6 10. O-O-O Nxd4 11. Qxd4 Be6 12. Kb1 {[%emt 0:05:16] White has more active pieces.} a6 13. g4 b5 14. g5 Nh5 (14... Nd7 $1 $14) 15. Be3 g6 16. f4 $36 {[%emt 0:03:16][%cal Of4f5][%mdl 2048] White is really pushing.} Bg7 17. Qd2 f5 (17... Bxc3 $16 18. Qxc3 f5) 18. Bxh5 $18 gxh5 19. exf5 (19. Bd4 $18 {and White stays clearly on top.}) 19... Bxf5 {[%emt 0:00:12] [#]} (19... Bxc3 $142 20. Qxc3 Bxf5) 20. Bd4 (20. Nd5 $1 $16) 20... c6 ({Black should try} 20... Bxd4 $1 $14 21. Qxd4 c6) 21. Bxg7 Kxg7 22. Ne2 (22. Qxd6 Qxd6 23. Rxd6 b4 $17) 22... Bg4 {[%emt 0:13:14] [#]} 23. Ng3 h4 (23... Bxd1 24. Qc3+ (24. Rxd1 Kg8 $16) 24... Kf7 25. Rxd1) 24. Qd4+ Kf7 {[%emt 0:01:48][%cal Bg7f7,Bf7g8,Bg8h8][%mdl 32] [#]} 25. Qd3 Kg8 26. Ne4 Rxe4 27. Qxe4 Bxd1 (27... d5 $16 28. Qe5 Bxd1 29. Qe6+ (29. Rxd1 Qe8 $16) 29... Kh8) 28. Qe6+ Kh8 29. Rxd1 {[%emt 0:00:07][%mdl 4096] Endgame. KQR-KQR} Qf8 30. f5 {[%emt 0:02:01][%cal Of5f6,Bf4f5,Bf5g6][%mdl 32] Strongly threatening f6!} (30. Qxd6 $6 Qxd6 31. Rxd6 Rf8) (30. Rxd6 Re8 31. Qd7 (31. Qf6+ $2 Qxf6 32. Rd1 Qxf4 $19) 31... Re1+ 32. Rd1 Rxd1+ 33. Qxd1 Qxf4 $11) 30... Re8 31. Qd7 {[%emt 0:00:02][%cal Of5f6] f6! would now be deadly.} (31. Qxd6 $2 Qxd6 (31... Qxf5 32. Qd4+ Kg8 33. Qxh4 $18) 32. Rc1 Qxh2 $19) 31... Re5 {[%emt 0:02:33] [#]} (31... Rd8 $142 32. Qxc6 Qxf5) 32. g6 (32. Qxd6 $2 Qxd6 (32... Rxf5 33. Qd3 $14) 33. Rc1 Rxf5 $19) (32. Qxc6 Rxf5 33. a4 (33. Qxa6 Rf1 $11) 33... Rf1 34. Rxf1 Qxf1+ 35. Ka2 Kg7 $14) (32. Rxd6 $2 Qxd6 (32... Rxf5 33. a4 $16) (32... Re7 $2 33. Qxe7 Qxe7 34. Re6 $19) 33. Qc8+ Kg7 $19) (32. f6 $1 $18 {Threatens to win with a3.} Rxg5 33. f7 (33. Rxd6 $2 Qxd6 34. Qe8+ Rg8 $19) (33. Qxc6 Qxf6 34. Qxa6 Qf2 $16)) 32... hxg6 $16 33. fxg6 (33. Qxc6 Rxf5 34. Qe4 (34. Qxa6 $2 Rf1 $19) 34... g5 $17) 33... Qe7 34. Qxc6 (34. Qxd6 $2 Qxd6 35. Rc1 Qxg6 $19) 34... Kg7 35. a3 (35. Qxa6 $2 {perishes.} Re1 $19) 35... Re1 36. Qc3+ Re5 37. Qd4 Kxg6 38. Rg1+ ({Not} 38. Qxd6+ Qxd6 39. Rxd6+ Kf7 $11) 38... Rg5 39. Rf1 Re5 40. Rf4 Re1+ 41. Ka2 Qe6+ 42. b3 {[%emt 0:00:07] And now Rg4+ would win.} Qe5 43. Rxh4 Kf6 $2 {[%emt 0:00:59] This costs Black the game.} (43... Kf7 $16 44. Rh7+ Kg8 45. Qxe5 (45. Rh4 Kf7 $16) 45... dxe5) 44. Rh6+ $18 Ke7 $2 (44... Kg7 45. Rxd6 (45. Qxd6 $2 Qa1#) 45... Qxd4 46. Rxd4 Re6) 45. Qa7+ {[%emt 0:01:01] White is clearly winning.} Kf8 46. Qb8+ (46. Qxa6 $2 Qa1#) 46... Kg7 47. Qh8+ (47. Qxd6 $2 Qa1#) 47... Kf7 48. Rh7+ Ke6 49. Qg8+ Kf6 50. Qf7+ Kg5 51. Rh5+ {[%emt 0:00:04] Weighted Error Value: White=0.18 (very precise) /Black=0.26 (precise) .  Loses game:     	---       	Black=1      Mistake:       	White=3     	Black=7      Inaccurate:     	---       	Black=2      OK:         	White=16    	Black=9      Best:        	White=7     	Black=8} 1-0

[Event "ESP-ch Teams Honor 2024"]
[Site "Melilla"]
[Date "2024.10.14"]
[Round "3.1"]
[White "Murzin, Volodar"]
[Black "Puranik, Abhimanyu"]
[Result "1-0"]
[ECO "C01"]
[WhiteElo "2648"]
[BlackElo "2639"]
[Annotator "TA"]
[PlyCount "83"]
[EventDate "2024.10.11"]
[EventType "team-tourn"]
[EventCountry "ESP"]
[SourceTitle "playchess.com"]
[Source "ChessBase"]
[SourceQuality "1"]
[WhiteTeam "Extremadura"]
[BlackTeam "Sestao"]
[TimeControl "5400+30"]

1. e4 e6 2. d4 d5 3. exd5 exd5 4. Nf3 Nf6 5. Bd3 Bd6 6. O-O O-O 7. Bg5 {[%emt 0:00:26] 7.h3 is the recent fashion.} h6 8. Bh4 Re8 {[%emt 0:08:11] C01: French: Exchange Variation.} 9. Re1 Rxe1+ 10. Qxe1 Be6 11. Ne5 g5 12. Bg3 Nh5 13. Nd2 Qf6 $146 ({Predecessor:} 13... Nxg3 14. fxg3 c5 15. dxc5 Bxc5+ 16. Kh1 Qb6 17. Nb3 Bf8 18. Qe2 Nc6 19. c3 Bg7 {0-1 Bubenicek,M (1767)-Krett,V (1806) CZE-ch pr98 email 2015}) 14. Qe3 Nd7 15. Re1 Nf4 ({Better is} 15... Nxg3 $11 16. hxg3 c5) 16. Ndf3 $14 Nxd3 17. Qxd3 Nb6 18. h4 Qf5 19. Qc3 Nc4 20. Nd3 Rc8 21. Nc5 (21. hxg5 $16 {Black must now prevent b3.} Bxg3 22. fxg3) 21... g4 (21... Bxg3 $14 22. fxg3 gxh4) 22. Nh2 $16 Bxc5 23. dxc5 b6 24. b3 d4 (24... Na3 $16 25. Re2 a6) 25. Qxd4 $18 bxc5 26. Qd1 Nd6 27. Re5 Qg6 28. Rxc5 Ne4 29. Rxc7 Rxc7 30. Qd8+ Kh7 31. Qxc7 Bd5 (31... Qf6 $142 32. Qe5 (32. Qxa7 Qa1+ 33. Nf1 Nd2 $17) 32... Qxe5 33. Bxe5 Kg6) 32. Nf1 $18 Bc6 (32... Qb6 $142 33. Qe5 Nxg3 34. Nxg3 (34. Qxd5 Ne2+ 35. Kh1 Qxf2 $11) 34... Bb7) 33. Qxa7 $18 Nc3 34. Ne3 Qf6 35. Qc5 Be4 (35... Ne4 $142 36. Qe5 (36. Qf5+ Qxf5 37. Nxf5 Bd7 $18) 36... Qxe5 37. Bxe5 Kg6) 36. Be5 $18 Ne2+ 37. Kf1 Qa6 38. Qc4 (38. Nxg4 $2 {is a self mate.} Ng3+ 39. Kg1 Qf1+ 40. Kh2 Qxg2#) (38. Qf8 $142 Nc1+ 39. Kg1 f6 40. Qf7+ (40. Bxf6 Ne2+ 41. Kh2 Qxf6 42. Qxf6 h5 43. Qe7+ Kg8 44. Qxe4 Kf7) 40... Kh8 41. Bxf6+ (41. Qxf6+ Qxf6 42. Bxf6+ Kg8 $18) 41... Qxf6 42. Qxf6+ Kg8 43. Qe6+ (43. Nxg4 h5 $18) 43... Kf8 44. Qxe4 (44. Qxh6+ Ke7 $18)) 38... Qxc4 $18 39. bxc4 Nc1 40. a3 f5 (40... Kg6 $142 41. Bb2 (41. Nxg4 Bxc2 42. Bf4 Nd3 $18) 41... Na2 42. Nxg4 Bxc2) 41. Bb2 $18 Na2 42. g3 1-0

[Event "ESP-ch Teams Honor 2024"]
[Site "Melilla"]
[Date "2024.10.14"]
[Round "3.2"]
[White "Svane, Frederik"]
[Black "Santos Latasa, Jaime"]
[Result "0-1"]
[ECO "E29"]
[WhiteElo "2655"]
[BlackElo "2621"]
[Annotator "TA"]
[PlyCount "62"]
[EventDate "2024.10.11"]
[EventType "team-tourn"]
[EventCountry "ESP"]
[SourceTitle "playchess.com"]
[Source "ChessBase"]
[SourceQuality "1"]
[WhiteTeam "Sestao"]
[BlackTeam "Extremadura"]
[TimeControl "5400+30"]

1. d4 Nf6 2. c4 e6 3. Nc3 Bb4 4. a3 Bxc3+ 5. bxc3 c5 6. e3 Nc6 7. Bd3 b6 8. Ne2 O-O 9. e4 Ne8 10. O-O Ba6 11. f4 f5 12. Ng3 g6 13. dxc5 bxc5 14. Be3 d6 15. Re1 {[%emt 0:00:20] The position is equal.} Qc7 16. Bf2 Nf6 17. exf5 exf5 18. Nf1 Bb7 19. Bh4 Qd7 20. Ra2 Rae8 21. Rxe8 Qxe8 22. Re2 Qf7 23. Ne3 ({White should play} 23. Bc2 $14) 23... Ne7 $1 $11 24. Bc2 Nc8 25. a4 a5 26. h3 Ne4 27. Bxe4 Bxe4 28. Nd5 Kg7 {[%emt 0:04:00] [#] Black is weak on the dark squares} (28... Qb7 $1 $11 {keeps the balance.}) 29. Rb2 $1 $16 Qa7 (29... Qe6 $16) 30. Rb5 $18 Rf7 {[%emt 0:01:07] [#]} 31. Qb3 $4 (31. Kh2 $1 $18 {avoids the disaster.}) 31... Bxd5 {[%emt 0:00:09] Weighted Error Value: White=0.35/Black=0.15 (very precise) .  Missed win:     	White=1     	---        Mistake:       	White=1     	Black=2      OK:         	White=8     	Black=6      Best:        	White=1     	Black=1      Strong:       	White=1     	Black=1} 0-1

[Event "ESP-ch Teams Honor 2024"]
[Site "Melilla"]
[Date "2024.10.14"]
[Round "3.3"]
[White "Perez Candelario, Manuel"]
[Black "Suarez Garcia, Carlos"]
[Result "1/2-1/2"]
[ECO "B47"]
[WhiteElo "2588"]
[BlackElo "2441"]
[Annotator "TA"]
[PlyCount "148"]
[EventDate "2024.10.11"]
[EventType "team-tourn"]
[EventCountry "ESP"]
[SourceTitle "playchess.com"]
[Source "ChessBase"]
[SourceQuality "1"]
[WhiteTeam "Extremadura"]
[BlackTeam "Sestao"]
[TimeControl "5400+30"]

1. e4 c5 2. Nf3 e6 3. d4 cxd4 4. Nxd4 Nc6 5. Nc3 Qc7 6. Ncb5 Qb8 7. Bd3 Nf6 8. O-O a6 9. Nxc6 bxc6 10. Nc3 d5 11. Qe2 Be7 12. b3 O-O 13. Bd2 Bb7 14. Rae1 Nd7 15. Na4 Qc7 16. f4 Rfe8 (16... a5 $5) 17. Kh1 c5 18. c4 dxe4 19. Bxe4 Bxe4 20. Qxe4 Nf6 21. Qf3 Rac8 22. Bc3 Qc6 23. f5 Qxf3 24. Rxf3 exf5 25. Rxf5 Bf8 26. Rfe5 {[%emt 0:12:33] Weiß steht deutlich aktiver.} Rxe5 27. Rxe5 Bd6 28. Re2 Re8 29. Rxe8+ Nxe8 $11 {[%emt 0:00:02][%mdl 4096] Endspiel. KBN-KBN} 30. Ba5 {[%emt 0:05:18] Und Bb6 würde nun gewinnen.} Nf6 $1 {[%emt 0:00:39] Die Stellung ist ausgeglichen.} 31. a3 Kf8 32. g3 Ne4 33. b4 cxb4 34. axb4 Ke8 35. Kg2 Kd7 36. b5 axb5 37. cxb5 Bc7 38. Bb4 Bd6 39. Be1 Nc5 40. Nb6+ Ke6 41. Nc4 Kd5 42. Ne3+ Ke4 43. Bf2 Nb7 44. Nc4 Bb4 45. g4 Kd5 46. Ne3+ Ke4 47. Nf5 g6 48. Nh6 f5 49. g5 f4 50. h4 f3+ 51. Kf1 Bc5 52. Ng4 $1 Kf5 53. Ne3+ Ke4 54. Ng4 Kf5 55. Nf6 h6 56. Nh7 hxg5 57. Nxg5 Kg4 58. b6 Bxb6 59. Bxb6 Kxh4 60. Nxf3+ Kg4 61. Ne5+ Kf5 62. Nc4 Ke4 63. Ke2 g5 64. Kf2 Kd5 65. Ne3+ Ke6 66. Kf3 g4+ 67. Kxg4 Nd6 68. Kf4 Nf7 69. Bc7 Kd7 70. Bb8 Ke6 71. Nf5 Kd5 72. Ne3+ Ke6 73. Ke4 Nd6+ 74. Bxd6 Kxd6 {[%emt 0:00:05] Gewichteter Fehlerwert: Weiß=0.05 (makellos) /Schwarz=0.05 (makellos) .  Ungenau:       	Weiß=2     	Schwarz=2     OK:         	Weiß=23    	Schwarz=29    Bester:       	Weiß=3     	Schwarz=1     Stark:        	Weiß=1     	Schwarz=1} 1/2-1/2

[Event "ESP-ch Teams Honor 2024"]
[Site "Melilla"]
[Date "2024.10.14"]
[Round "3.4"]
[White "Del Rio De Angelis, Salvador G."]
[Black "Oro, Faustino"]
[Result "1/2-1/2"]
[ECO "E48"]
[WhiteElo "2387"]
[BlackElo "2434"]
[Annotator "TA"]
[PlyCount "152"]
[EventDate "2024.10.11"]
[EventType "team-tourn"]
[EventCountry "ESP"]
[SourceTitle "playchess.com"]
[Source "ChessBase"]
[SourceQuality "1"]
[WhiteTeam "SESTAO HOTEL NAVAL"]
[BlackTeam "Extremadura"]
[TimeControl "5400+30"]

1. d4 Nf6 2. c4 e6 3. Nc3 Bb4 4. e3 O-O 5. Bd3 d5 6. cxd5 exd5 7. a3 Bd6 8. Nge2 Re8 {[%emt 0:00:32] E48: Nimzo-Indisch: Rubinstein: 5 Ld3 d5 inclusief 6 Pe2, maar exclusief 6 a3.} 9. O-O {[%emt 0:00:15] OK} c6 10. Ng3 {[%emt 0:00:19] OK} Nbd7 11. f3 {[%emt 0:00:34] Onnauwkeurig} c5 $146 ({Predecessor:} 11... Qc7 12. e4 Bxg3 13. hxg3 Qxg3 14. e5 Nh5 15. f4 Qh4 16. Be3 Ng3 17. Rf3 Nf8 {1-0 Hansen,E (2609)-Przybylski,W (2321) Titled Tuesday intern op 08th Nov Late blitz 2022 (8)}) 12. Qd2 {[%emt 0:00:16] OK} a6 13. Qf2 {[%emt 0:00:15] OK} Nf8 {[%emt 0:03:39] Onnauwkeurig} 14. Bd2 {[%emt 0:04:46] OK} Ng6 15. Nce2 Bd7 {[%emt 0:08:00] OK} 16. Kh1 {[%emt 0:02:34] Onnauwkeurig} cxd4 17. exd4 h6 18. Nf5 {[%emt 0:08:48] OK} Bb8 19. g3 {[%emt 0:26:23] OK} Qb6 {[%emt 0:04:23] OK} 20. Nc3 {[%emt 0:00:41] OK} Ba7 (20... Qxb2 $2 {vergaat.} 21. Rfb1 $18) 21. Be3 {[%emt 0:01:35] OK} Bxf5 {[%emt 0:07:55] Fout (0.5)} (21... Ne7 $17 22. Nxe7+ Rxe7) 22. Bxf5 $11 Ne7 {[%emt 0:00:07] OK} 23. Bd3 Qe6 {[%emt 0:03:27] Fout (0.5)} (23... Nc6) 24. Rfe1 {[%emt 0:03:59][%cal Oe3h6] Onnauwkeurig} Qd7 25. g4 Nc6 {[%emt 0:00:16] OK} 26. Ne2 {[%emt 0:05:02] OK} Nh7 27. Ng3 Ne7 {[%emt 0:02:41] Houdt de partij in balans. Fout (1.0)} (27... g6 $11) 28. Qd2 {[%emt 0:01:33][%cal Re3h6] Sterke dreiging met Bxh6! Wit is actiever. Onnauwkeurig} Ng5 29. Bxg5 {[%emt 0:02:20] Fout (0.9)} (29. Qf2 $16) 29... hxg5 30. Qxg5 Bxd4 {[%emt 0:00:16] OK} 31. Re2 {[%emt 0:00:43] OK} Bf6 {[%emt 0:01:31] OK} 32. Qd2 {[%emt 0:01:24] OK} Nc6 {[%emt 0:01:44] OK} 33. g5 {[%emt 0:02:12] OK} Rxe2 {[%emt 0:00:26] OK} 34. Nxe2 Be5 35. f4 Bc7 {[%emt 0:00:26] OK} 36. Be4 {[%emt 0:05:33] blijft gelijk. Fout (0.9)} Rd8 {[%emt 0:01:20] Fout (0.7)} (36... Re8 $1 $17 37. Bxd5 Rxe2 38. Bxf7+ Qxf7 39. Qxe2 Bxf4 (39... Qxf4 40. Rf1 $11)) 37. Bg2 Ne7 {[%emt 0:00:44] OK} 38. Rd1 $1 {[%emt 0:02:04] Sterk} Qe6 {[%emt 0:01:18] Onnauwkeurig} (38... d4 $5 39. Qd3 b5 $15) {Wit zou moeten spelen} 39. Nd4 {[%emt 0:01:11] Fout (0.9)} (39. Rc1 $15 Bb8 40. Nc3) 39... Qg4 $17 {[%emt 0:00:51][%cal Rc7f4] Beste (Gemakkelijk)} 40. Rf1 {[%emt 0:01:08] OK} Ng6 $1 {[%emt 0:00:35][%cal Rg6f4] OK} 41. Qe2 Qd7 {[%emt 0:00:55] OK} 42. f5 {[%emt 0:01:38] OK} Nf4 {[%emt 0:00:08] OK} 43. Qg4 {[%emt 0:01:22] OK} Nxg2 {[%emt 0:00:16] OK} 44. Qxg2 {[%emt 0:00:07] Fout (0.6)} (44. Kxg2 Rc8 45. Qh4) 44... Be5 {[%emt 0:01:01] Fout (0.7)} (44... Bb6 $1 45. Qd2 Re8) 45. Qg4 Rc8 46. b3 {[%emt 0:01:22] Ontwijkt Rc4. OK} {Zwart zou moeten spelen} Rc3 {[%emt 0:02:00] Fout (0.7)} (46... Re8 $17 47. Nf3 Bc3) 47. Nf3 {[%emt 0:00:39] was beter. Fout (0.5)} (47. g6 $15 fxg6 48. Ne6) 47... Re3 {[%emt 0:01:05] OK} 48. g6 {[%emt 0:01:22] OK} Bf6 {[%emt 0:00:41] OK} {Wit zou moeten proberen} 49. gxf7+ {[%emt 0:02:08] Fout (0.5)} (49. Qh5) 49... Qxf7 50. Rc1 {[%emt 0:00:15] was nodig. Fout (1.1)} (50. Ng5 $17 Qe8 51. Qh4) 50... Qe8 $19 {[%emt 0:00:48][%cal Od5d4] OK} (50... Rxb3 $2 {te hebberig.} 51. Rc8+ $18) 51. Rc7 $2 {[%emt 0:02:48] gaat door met vechten. Fout (1.6)} (51. b4) 51... d4 $2 {[%emt 0:00:28] en Zwart blijft duidelijk aan de top. Gemiste overwinning (3.1)} (51... Rxb3 $19 {[%cal Ob7b5] Dreigt te winnen met ...b5!} 52. a4 d4) 52. Kg2 $2 {[%emt 0:01:08][%mdl 8192] niets anders werkt. Verliest partij (4.6)} (52. Qg6 $17) 52... d3 $2 {[%emt 0:00:35] Gemiste overwinning (4.5)} (52... Rc3 $19 53. Rxc3 Qe2+ (53... dxc3 $2 54. Qc4+ Kh7 55. b4 $19) 54. Kh3 dxc3) 53. Qc4+ Kh7 $1 {[%emt 0:00:09] Sterk} 54. Rc8 {[%emt 0:00:08] OK} Re2+ {[%emt 0:00:26] OK} 55. Kf1 $2 {[%emt 0:00:38][%mdl 8192] [#] Verliest partij (6.2)} (55. Kg3 $11 Be5+ 56. Kg4 Rg2+ 57. Kh4 (57. Kh3 Rxh2+ 58. Nxh2 Qh5+ 59. Kg2 Qxh2+ 60. Kf1 Qe2+ 61. Kg1 Bf6 $19)) {Beter is} 55... b5 $2 {[%emt 0:00:57] Gemiste overwinning (6.2)} 56. Qxd3 $11 {[%emt 0:00:08] Beste (Gemakkelijk)} Re3 $40 {[%emt 0:00:19][%mdl 128] Wit moet nauwkeurig verdedigen.} 57. Rxe8 {[%emt 0:00:51] Beste (Gemakkelijk)} Rxd3 {[%emt 0:00:00][%mdl 4096] Eindspel. KRB-KRN. OK} 58. Ke2 {[%emt 0:01:02] OK} Rxb3 {[%emt 0:00:04] OK} 59. Re3 $2 {[%emt 0:00:09] es Wit is oké. Verliest partij (2.3)} (59. h4 $1 $11) 59... Rxe3+ $19 {[%emt 0:00:33] OK} 60. Kxe3 {[%emt 0:00:05] KB-KN} Be7 {[%emt 0:00:02] Beste (Gemakkelijk)} 61. a4 {[%emt 0:01:12] OK} bxa4 {[%emt 0:00:01] Beste (Gemakkelijk)} 62. Kd3 {[%emt 0:00:11] [#] Beste} Kh6 {[%emt 0:00:34] is dodelijker. Fout (1.1)} (62... Kg8 $1 $19 {[%cal Rg8f7] En nu zou ...Kf7 winnen.} 63. Nd2 Kh7) 63. Kc2 $17 {[%emt 0:00:14] OK} Bf6 64. Kb1 {[%emt 0:00:12] OK} {Zwart zou moeten proberen} a3 {[%emt 0:00:06] Fout (0.5)} (64... Kh7 65. Nd2 Kh6) 65. Ka2 {Zwart kan overwegen te spelen.} Bb2 {[%emt 0:00:04] Fout (0.5)} (65... Kh5 $17 {...Kg4 zou dodelijk zijn.} 66. Kxa3 Kg4) 66. Kb3 Kh7 {[%emt 0:00:20] OK} 67. h3 {[%emt 0:01:07] OK} Kg8 68. Nh2 $1 {[%emt 0:00:04] Sterk. De stelling is in evenwicht.} Kf7 69. Ng4 {[%emt 0:00:05] Beste (Gemakkelijk)} Ke7 70. h4 {[%emt 0:00:05] OK} Bc1 71. h5 {[%emt 0:00:08] OK} a5 72. Ka2 {[%emt 0:00:08] OK} a4 73. h6 {[%emt 0:01:02] OK} gxh6 {[%emt 0:00:26] met als doel voor ...h5. OK} ({Veel slechter is} 73... Bxh6 74. Kxa3 Kf7 75. Kxa4 $14 (75. Nxh6+ $2 gxh6 76. Kxa4 Kf6 $19)) 74. Nxh6 Bxh6 75. Kxa3 Kf6 {[%emt 0:00:02] OK} 76. Kxa4 {[%emt 0:00:05] OK} Kxf5 {[%emt 0:00:03] Zwart had alle kansen om te winnen.   Blunder waarde: Wit=0.39/Zwart=0.48. OK.  Verliest partij:   	Wit=3      	---        Gemiste overwinning: 	---       	Zwart=3      Fout:        	Wit=8      	Zwart=9      Onnauwkeurig:    	Wit=4      	Zwart=2      OK:         	Wit=29     	Zwart=25     Beste:        	Wit=4      	Zwart=3      Sterk:        	Wit=2      	Zwart=1} 1/2-1/2

[Event "ESP-ch Teams Honor 2024"]
[Site "Melilla"]
[Date "2024.10.14"]
[Round "3.5"]
[White "Shuvalova, Polina"]
[Black "Trigo Urquijo, Sergio"]
[Result "1-0"]
[ECO "B66"]
[WhiteElo "2472"]
[BlackElo "2384"]
[Annotator "TA"]
[PlyCount "53"]
[EventDate "2024.10.11"]
[EventType "team-tourn"]
[EventCountry "ESP"]
[SourceTitle "playchess.com"]
[Source "ChessBase"]
[SourceQuality "1"]
[WhiteTeam "Extremadura"]
[BlackTeam "Sestao"]
[TimeControl "5400+30"]

1. e4 c5 2. Nf3 d6 3. d4 cxd4 4. Nxd4 Nf6 5. Nc3 Nc6 6. Bg5 e6 7. Qd2 a6 8. Nxc6 bxc6 9. O-O-O {[%emt 0:00:10][%cal Oe4e5] e5! would now be deadly.} Be7 10. Bxf6 {[%emt 0:00:31] White has an edge.} gxf6 11. Bc4 Qa5 12. Bb3 (12. f4 $5) 12... Bb7 13. Rhe1 O-O-O 14. Kb1 h5 15. f4 Rhg8 $2 {[%emt 0:04:15] [#]} ({Black should play} 15... d5 $11) 16. f5 $1 $16 Qe5 17. g3 h4 {[%emt 0:08:40] [#]} 18. Nd5 Bf8 {[%emt 0:04:59] This costs Black the game.} (18... exd5 $2 {loses.} 19. exd5 Qxf5 20. dxc6 (20. Rxe7 Rd7 $18) 20... Bxc6 21. Rxe7 $18) (18... cxd5 $11 {and Black has nothing to worry.} 19. exd5 Qxf5 20. dxe6 Rg4) 19. Nf4 $36 {[%emt 0:19:30][%cal Rf5e6][%mdl 2048] White is in control.} hxg3 $2 (19... Bh6 {keeps fighting.}) 20. fxe6 Rg4 (20... Bh6 $142) 21. hxg3 Rxg3 22. exf7 Bh6 23. Rf1 Kb8 (23... Rf8 $142 24. Be6+ (24. Qxd6 Qxd6 25. Rxd6 Bxf4 $18) 24... Kb8) 24. Qf2 {[%emt 0:02:41] White is clearly winning.} Bxf4 25. Qxf4 Qxf4 26. Rxf4 Rg6 {[%emt 0:00:58] [#]} 27. e5 $1 {[%emt 0:00:49][%mdl 512] Weighted Error Value: White=0.14 (very precise) /Black=0.63.  Mistake:       	White=1     	Black=5      Inaccurate:     	White=1     	Black=1      OK:         	White=9     	Black=5      Best:        	White=1     	Black=1      Brilliant:      	White=1     	---} 1-0

[Event "ESP-ch Teams Honor 2024"]
[Site "Melilla"]
[Date "2024.10.14"]
[Round "3.6"]
[White "Ambartsumova, Karina"]
[Black "Garrido Outon, Alex"]
[Result "1/2-1/2"]
[ECO "D35"]
[WhiteElo "2402"]
[BlackElo "2448"]
[Annotator "TA"]
[PlyCount "60"]
[EventDate "2024.10.11"]
[EventType "team-tourn"]
[EventCountry "ESP"]
[SourceTitle "playchess.com"]
[Source "ChessBase"]
[SourceQuality "1"]
[WhiteTeam "Sestao"]
[BlackTeam "Extremadura"]
[TimeControl "5400+30"]

1. d4 d5 2. c4 e6 3. Nc3 Nf6 4. cxd5 exd5 5. Bg5 Be7 6. e3 h6 7. Bh4 Bg4 {[%emt 0:00:31] D35: Damegambiet Geweigerd: Ruilvariant.} 8. Nf3 {[%emt 0:06:18] Volgende Bxf6 is goed voor Wit. Onnauwkeurig} O-O {[%emt 0:00:31] OK} 9. Bd3 {[%emt 0:06:16] OK} Nbd7 {[%emt 0:01:18] Wit heeft hier iets.} 10. O-O c6 11. h3 Bxf3 {[%emt 0:00:21] OK} 12. Qxf3 Re8 13. Bg3 {[%emt 0:02:30] OK} Nf8 14. Rab1 Ne6 $146 ({Predecessor:} 14... a5 15. a3 Ne6 16. Rfc1 Ng5 17. Qd1 Bd6 18. Bxd6 Qxd6 19. Na4 Nfe4 20. Bxe4 Nxe4 {½-½ Abasov,N (2632)-Fressinet,L (2652) FIDE World Cup 2023 (2.2)}) 15. Qd1 Bd6 {[%emt 0:07:34] Onnauwkeurig} 16. Be5 {[%emt 0:06:20] Onnauwkeurig} Bxe5 {[%emt 0:05:05] Beste (Gemakkelijk)} 17. dxe5 Nd7 {[%emt 0:00:06] Fantastisch paardenconcours. OK} 18. f4 {[%emt 0:01:17] OK} Qb6 {[%emt 0:12:55] OK} 19. Qd2 d4 20. Na4 {[%emt 0:00:53] OK} Qd8 {[%emt 0:00:21] [#] met als doel voor ...b5. OK} 21. exd4 {[%emt 0:00:40] Bc2 is de sterke dreiging. OK} Nb6 $1 {[%emt 0:00:17] Sterk} 22. Nxb6 {[%emt 0:03:00] OK} Qxb6 23. Bc4 $36 {[%emt 0:03:04][%mdl 2048] Wit is actiever. OK} Nxd4 {[%emt 0:00:37] Fout (0.5)} (23... Qxd4+ $11 24. Qxd4 Nxd4) {Wit zou moeten proberen} 24. Qf2 {[%emt 0:01:28] Fout (0.5)} (24. Kh2 $1 $14) 24... Rad8 25. Rbd1 c5 {[%emt 0:07:07] is het overwegen waard. Fout (0.5)} (25... Nc2 $11 26. Qxb6 axb6) 26. Rfe1 {[%emt 0:03:11] zou overwogen moeten worden. Fout (0.5)} (26. b3 $14) 26... Qb4 $11 {[%emt 0:08:12] OK} 27. Bf1 Nc6 {[%emt 0:06:03] Onnauwkeurig} 28. a3 {[%emt 0:04:29] OK} {Beter is} Qb3 {[%emt 0:08:42] Fout (0.8)} (28... Qa4 $14 29. Rxd8 Rxd8) {Wit kan overwegen.} 29. Rxd8 {[%emt 0:02:56] Fout (1.0)} (29. Rc1 $16) 29... Rxd8 30. f5 {[%emt 0:00:23][%cal Oe5e6] OK} Rd1 {[%emt 0:01:41] Blunder waarde: Wit=0.17 (erg precies) /Zwart=0.21 (precies) . Onnauwkeurig.  Fout:        	Wit=3      	Zwart=3      Onnauwkeurig:    	Wit=2      	Zwart=3      OK:         	Wit=9      	Zwart=6      Beste:        	---       	Zwart=1      Sterk:        	---       	Zwart=1} 1/2-1/2